 Dungeon Crawl Stone Soup version 0.21.1-1-g345015f (webtiles) character file.

707 Miyamura the Covered (level 7, -3/84 HPs)
             Began as a Barachi Fighter on Feb 9, 2018.
             Killed from afar by Blork the orc (7 damage)
             ... with a puff of flame
             ... on level 6 of the Dungeon.
             The game lasted 00:06:56 (4646 turns).

Miyamura the Covered (Barachi Fighter)              Turns: 4646, Time: 00:06:56

Health: -3/84      AC: 23    Str: 17    XL:     7   Next: 67%
Magic:  8/8        EV:  2    Int: 10    God:
Gold:   167        SH:  9    Dex: 12    Spells: 6/6 levels left

rFire    . . .     SeeInvis .   a - +0 war axe
rCold    . . .     Gourm    .   c - +0 shield
rNeg     + + +     Faith    .   (armour currently unavailable)
rPois    +         Spirit   .   (helmet currently unavailable)
rElec    .         Reflect  .   (cloak currently unavailable)
rCorr    .         Harm     .   (gloves currently unavailable)
MR       .....     NoTele   +   (boots currently unavailable)
Stlth    +.........             (no amulet)
HPRegen  0.24/turn              (no ring)
MPRegen  0.11/turn              (no ring)

@: tree-form, berserk cooldown, slowed, very slow
A: +LOS, swims
a: no special abilities


You were on level 6 of the Dungeon.
You were not hungry.
You were a tree.
You visited 1 branch of the dungeon, and saw 5 of its levels.

You collected 167 gold pieces.

Inventory:

Hand Weapons
 a - a +0 war axe (weapon)
Armour
 b - a +0 chain mail (melded)
 c - a +0 shield (worn)
 i - a +1 cloak (melded)
Wands
 h - a wand of enslavement (11)
 p - a wand of random effects (22)
 r - a wand of iceblast (6)
Scrolls
 d - a scroll of teleportation
 j - 2 scrolls of fog
 m - a scroll of enchant armour
 o - 2 scrolls of remove curse
Potions
 k - a potion of berserk rage
 n - a potion of resistance
 s - a potion of mutation
Comestibles
 f - 5 rations
 l - 5 chunks of flesh


   Skills:
 + Level 5.5 Fighting
 + Level 4.3 Axes
 + Level 5.6 Armour
 + Level 3.5 Dodging
 + Level 5.0 Shields
 + Level 2.1 Evocations


You had 6 spell levels left.
You didn't know any spells.

Dungeon Overview and Level Annotations

Branches:
Dungeon (4/15)             Temple (0/1) D:4

Altars:
Zin
The Shining One

Shops:
D:4 *

Annotations:
D:6 Blork the orc, Menkaure


Innate Abilities, Weirdness & Mutations

Shadows flee at your approach. (+LOS)
You can swim through water.
((You cover ground slowly.))
((You can hop short distances.))


Message History

The crimson imp blinks!
Something hits you but does no damage.
Your chain mail prevents you from hitting something.
You hit the crimson imp. Something hits you. The crimson imp barely misses you.
You hear some strange, mumbled words.
A puff of frost appears from out of thin air!
The puff of frost hits you! The crimson imp hits you.
You miss something. You closely miss the crimson imp.
You hear some strange, mumbled words.
You block the crimson imp's attack.
You hear some strange, mumbled words.
A puff of flame appears from out of thin air!
The puff of flame hits you! You block the crimson imp's attack.
Okay, then.
You turn into a tree.
Your +1 cloak melds into your body.
Your +0 chain mail melds into your body.
Your roots penetrate the ground.
You hear some strange, mumbled words.
A puff of flame appears from out of thin air!
The puff of flame hits you!
You die...

..
.....!.......o.>.
... #. #.# .
..##.#####.###
... ...........#
#...##.#####.#.#
#..[.........#.#
#...###.####.#.#
#.## #{#.# #..#
#♣#.# ##.###5#..
.######..##.#.#
..........#.#..
########..#.#
#######.#.#
######
#.....#(..#
$.....
#[###.#...#
...... #)#
#.#..># .#


You could see a crimson imp.

Vanquished Creatures
  3 ogres
  A centaur (D:6)
  A centaur zombie (D:6)
  A jelly (D:6)
  An orc priest (D:2)
  2 orc wizards (D:2)
  An iguana (D:4)
  A worker ant (D:6)
  4 gnolls (D:3)
  3 adders
  5 oozes
  4 worms
  A dart slug (D:2)
  5 leopard geckos
  2 orcs
  5 giant cockroaches
  9 goblins
  10 hobgoblins
  5 jackals
  7 kobolds
  2 quokkas
  7 bats
  4 frilled lizards
  7 rats
91 creatures vanquished.

Notes
Turn   | Place    | Note
-------+----------+-------------------------------------------
     0 | D:1      | Miyamura the Barachi Fighter began the quest for the Orb.
     0 | D:1      | Reached XP level 1. HP: 18/18 MP: 1/1
   127 | D:1      | Reached XP level 2. HP: 24/25 MP: 2/2
   470 | D:1      | Reached skill level 1 in Dodging
   474 | D:1      | Reached XP level 3. HP: 26/30 MP: 3/3
   905 | D:2      | Reached XP level 4. HP: 37/37 MP: 4/4
  1039 | D:2      | Found a glowing golden altar of the Shining One.
  1243 | D:2      | Found a glowing silver altar of Zin.
  1716 | D:2      | Reached XP level 5. HP: 34/43 MP: 5/5
  2831 | D:3      | Reached XP level 6. HP: 30/50 MP: 6/6
  4026 | D:4      | Reached skill level 5 in Fighting
  4026 | D:4      | Reached skill level 5 in Armour
  4165 | D:4      | Found Tafoy's General Store.
  4209 | D:4      | Found a staircase to the Ecumenical Temple.
  4351 | D:3      | You fall through a shaft for 3 floors!
  4356 | D:6      | Noticed Menkaure
  4377 | D:6      | Reached skill level 1 in Evocations
  4385 | D:6      | Reached XP level 7. HP: 41/56 MP: 6/8
  4613 | D:6      | Noticed Blork the orc
  4634 | D:6      | Reached skill level 5 in Shields
  4645 | D:6      | HP: 2/56 [something/puff of flame (12)]
  4646 | D:6      | Killed from afar by Blork the orc

Skill      XL: |  1  2  3  4  5  6  7 |
---------------+----------------------+-----
Dodging        | 1 2 3 |  3.5
Fighting       | 4 5 |  5.5
Armour         | 4 5 |  5.6
Axes           | 3 4 |  4.3
Shields        | 4 5 |  5.0
Evocations     | 1 2 |  2.1

Action                   |  1- 3 |  4- 6 |  7- 9 || total
-------------------------+-------+-------+-------++-------
Melee: War axe           |   101 |   211 |    30 ||   342
Evoke: Wand              |       |     2 |     7 ||     9
  Use: Scroll            |     3 |     9 |       ||    12
       Potion            |       |     4 |     2 ||     6
 Stab: Paralysed         |       |       |     2 ||     2
  Eat: Chunk             |       |    12 |     2 ||    14
Armor: Scale mail        |    31 |       |       ||    31
       Chain mail        |    11 |   159 |    13 ||   183
       Skin              |       |    14 |       ||    14
Dodge: Dodged            |    28 |    66 |     5 ||    99
Block: Shield            |    59 |   126 |    14 ||   199
